 Dungeon Sprint DCSS version 0.29.1-12-g30fa7ad0bf (webtiles) character file.

Game seed: 1538955555759922531

1956 retardedninja the Fighter (level 8, -22/86 HPs)
             Began as a Minotaur Fighter on Jan 5, 2023.
             Was a Priest of Trog.
             Annihilated by a white ugly thing (27 damage)
             ... in the Dungeon (Sprint IX: "|||||||||||||||||||||||||||||").
             The game lasted 00:02:03 (826 turns).

retardedninja the Fighter (Minotaur Fighter)         Turns: 826, Time: 00:02:04

Health: -22/86     AC: 13    Str: 23    XL:     8   Next: 99%
Magic:  7/7        EV: 11    Int:  5    God:    Trog [***...]
Gold:   0          SH:  7    Dex: 16    Spells: 7/7 levels left

rFire   . . .      SeeInvis .   a - +0 war axe
rCold   . . .      Faith    .   c - +0 buckler
rNeg    . . .      Spirit   .   n - +1 scale mail
rPois   .          Reflect  .   (helmet restricted)
rElec   .          Harm     .   m - +0 cloak
rCorr   .          Rampage  .   l - +0 pair of gloves
Will    .....      NoTele   +   (no boots)
Stlth   +.........              (no amulet)
HPRegen 0.24/turn               o - +3 ring of dexterity
MPRegen 0.10/turn               p - +3 ring of dexterity

@: hasted, invisible, very quick
A: horns 2, retaliatory headbutt
a: Renounce Religion, Berserk, Trog's Hand


You were in the Dungeon.
You worshipped Trog.
Trog was most pleased with you.
You visited 1 branch

Inventory:

Hand Weapons
 a - a +0 war axe (weapon)
 k - a +3 vorpal war axe
Armour
 b - a +0 scale mail
 c - a +0 buckler (worn)
 l - a +0 pair of gloves (worn)
 m - a +0 cloak (worn)
 n - a +1 scale mail (worn)
Jewellery
 o - a +3 ring of dexterity (left hand)
 p - a +3 ring of dexterity (right hand)
Wands
 i - a wand of quicksilver (6)
Scrolls
 j - 2 scrolls of blinking
Potions
 e - 5 potions of curing
 f - 3 potions of heal wounds
 h - 4 potions of magic


   Skills:
 + Level 13.3 Fighting
 + Level 13.0 Axes
 + Level 11.1 Armour
 + Level 3.0 Dodging
 + Level 1.7 Stealth
 + Level 11.5 Shields
 + Level 1.4 Evocations


You had 7 spell levels left.
You didn't know any spells.
Your spell library was empty.

Dungeon Overview and Level Annotations

Branches:
Dungeon (1/1)

Altars:
Cheibriados
Dithmenos
Elyvilon
Fedhas
Gozag
Hepliaklqana
Kikubaaqudgha
Makhleb
Nemelex Xobeh
Okawaru
Qazlal
Ru
Sif Muna
Trog
Uskayaw
Vehumet
Wu Jian
Xom
Yredelemnul
Zin
The Shining One
Jiyva
Lugonu


Innate Abilities, Weirdness & Mutations

You have a pair of horns on your head.
You reflexively headbutt those who attack you in melee.


Message History

The snapping turtle is almost dead.
The scorpion changes into a boggart!
The snapping turtle bites you.
Unknown command.
You hit the snapping turtle.
You kill the snapping turtle!
Trog accepts your kill.
Your Fighting skill increases to level 13!
Unknown command.
You block the manticore's attack. The manticore closely misses you.
The manticore claws you.
There is an open door, spattered with blood here.
Items here: ) [[ †.
Unknown command.
You hit the manticore but do no damage. You headbutt the manticore.
The manticore is almost dead.
Unknown command.
You hit the manticore.
You kill the manticore!
Trog accepts your kill.
Your Axes skill increases to level 13!
Your Armour skill increases to level 11!
Your Dodging skill increases to level 3!
Unknown command.
You catch the helpless white ugly thing completely off-guard!
You slash the white ugly thing!
Your headbutt misses the white ugly thing.
The white ugly thing is heavily wounded.
Unknown command.
You slash the white ugly thing!
The white ugly thing is severely wounded.
The white ugly thing stings you. The white ugly thing freezes you!!
* * * LOW HITPOINT WARNING * * *
Unknown command.
You slice the white ugly thing!!
You headbutt the white ugly thing, but do no damage.
The white ugly thing is almost dead.
The white ugly thing stings you.
* * * LOW HITPOINT WARNING * * *
The white ugly thing freezes you!!
You die...

▓.▓
▓'▓
▓)▓
▓.▓
▓.▓
▓.▓
▓.▓
▓.▓
▓@▓
▓u▓
▓g▓
▓.▓
▓.▓
▓.▓
▓.▓
▓+▓


You could see a white ugly thing (unable to see you) and a boggart shaped
shifter.

Vanquished Creatures
  A tengu warrior (D)
  A manticore (D)
  A troll (D)
  A snapping turtle (shapeshifter) (D)
  A wraith (D)
  An acid dragon (D)
  An ogre (D)
  2 centaurs (D)
  A phantom (D)
  3 howler monkeys (D)
  A gnoll bouda (D)
  An ufetubus (D)
  A bat (D)
  An endoplasm (D)
  A ball python (D)
  2 rats (D)
20 creatures vanquished.

Notes
Turn   | Place    | Note
-------+----------+-------------------------------------------
     0 | D        | retardedninja the Minotaur Fighter began the quest for the
                  | Orb.
     0 | D        | Reached XP level 1. HP: 19/19 MP: 0/0
    20 | D        | Noticed a phantom
    20 | D        | Noticed a centaur
    20 | D        | Noticed an ogre
    20 | D        | Noticed a gnoll bouda
    29 | D        | Killed a phantom
    30 | D        | Reached XP level 2. HP: 31/31 MP: 1/1
    30 | D        | Reached XP level 3. HP: 38/38 MP: 2/2
    30 | D        | Reached XP level 4. HP: 45/45 MP: 3/3
    34 | D        | Killed a centaur
    35 | D        | Reached XP level 5. HP: 37/53 MP: 4/4
    39 | D        | Killed an ogre
    42 | D        | Reached XP level 6. HP: 21/64 MP: 5/5
   447 | D        | Found a snail-covered altar of Cheibriados.
   447 | D        | Found a shadowy altar of Dithmenos.
   447 | D        | Found a white marble altar of Elyvilon.
   447 | D        | Found a blossoming altar of Fedhas.
   447 | D        | Found an opulent altar of Gozag.
   448 | D        | Found a hazy altar of Hepliaklqana.
   449 | D        | Found a viscous altar of Jiyva.
   450 | D        | Found an ancient bone altar of Kikubaaqudgha.
   451 | D        | Found a corrupted altar of Lugonu.
   452 | D        | Found a burning altar of Makhleb.
   453 | D        | Found a sparkling altar of Nemelex Xobeh.
   454 | D        | Found an iron altar of Okawaru.
   455 | D        | Found a stormy altar of Qazlal.
   456 | D        | Found a sacrificial altar of Ru.
   457 | D        | Found a shimmering blue altar of Sif Muna.
   458 | D        | Found a bloodstained altar of Trog.
   459 | D        | Found a hide-covered altar of Uskayaw.
   460 | D        | Found a radiant altar of Vehumet.
   461 | D        | Found an ornate altar of the Wu Jian Council.
   462 | D        | Found a shimmering altar of Xom.
   463 | D        | Found a basalt altar of Yredelemnul.
   464 | D        | Found a glowing silver altar of Zin.
   465 | D        | Found a glowing golden altar of the Shining One.
   468 | D        | Became a worshipper of Trog the Wrathful
   520 | D        | Noticed a troll
   520 | D        | Noticed an acid dragon
   526 | D        | Killed a troll
   526 | D        | Reached * piety under Trog
   527 | D        | Reached skill level 10 in Fighting
   527 | D        | Reached skill level 1 in Dodging
   527 | D        | Reached XP level 7. HP: 69/73 MP: 6/6
   532 | D        | Reached skill level 10 in Axes
   532 | D        | Reached ** piety under Trog
   798 | D        | Noticed a tengu warrior
   798 | D        | Noticed a deep troll
   798 | D        | Noticed a manticore
   798 | D        | Noticed a white ugly thing
   798 | D        | Noticed a wraith
   802 | D        | Killed a wraith
   802 | D        | Noticed a death drake
   802 | D        | a deep troll changed into a death drake
   803 | D        | Reached skill level 10 in Armour
   803 | D        | Reached skill level 10 in Shields
   812 | D        | Noticed a snapping turtle
   812 | D        | a death drake changed into a snapping turtle
   816 | D        | Killed a tengu warrior
   817 | D        | Reached skill level 1 in Stealth
   817 | D        | Reached skill level 1 in Evocations
   817 | D        | Reached XP level 8. HP: 61/85 MP: 7/7
   820 | D        | Killed a snapping turtle
   823 | D        | Killed a manticore
   823 | D        | Reached *** piety under Trog
   826 | D        | Annihilated by a white ugly thing

Illustrated notes

Levels and vault maps discovered:
D:        linesprint [early_d, line_temple, items_1, d_10, items_2, lair_1,
          lair_end, items_3, orc_1, orc_end, items_4, d_15, swamp_1, shoals_1,
          snake_1, spider_1, d_20, vaults_1, items_5, swamp_end, shoals_end,
          snake_end, spider_end, vaults_end, d_27, items_6, zot_1, zot_end,
          crypt_end, forest_end, elf_end, slime_end, tomb_end, abyss_end,
          pan_hell_end]

Skill      XL: |  1  2  3  4  5  6  7  8 |
---------------+-------------------------+-----
Fighting       | 6 8 9 10 12 13 | 13.3
Armour         | 6 7 8 9 10 11 | 11.1
Shields        | 6 7 9 11 | 11.5
Axes           | 4 6 7 9 12 13 | 13.0
Dodging        | 1 2 3 |  3.0
Stealth        | 1 |  1.7
Evocations     | 1 |  1.4

Action                   |  1- 3 |  4- 6 |  7- 9 || total
-------------------------+-------+-------+-------++-------
Melee: War axe           |    17 |    15 |    27 ||    59
       Headbutt          |     4 |     3 |     9 ||    16
Evoke: Wand              |       |     1 |     3 ||     4
  Use: Potion            |     1 |     1 |     2 ||     4
 Stab: Invisible         |       |       |     2 ||     2
Armor: Scale mail        |     5 |    11 |    20 ||    36
Dodge: Dodged            |     6 |    17 |    12 ||    35
Block: Buckler           |     8 |     5 |    16 ||    29
